 Dungeon Crawl Stone Soup version 0.31-a0-486-g8d68a81214 (webtiles) character file.

Game seed: 6180907374544352199

313 CraigForest the Ruffian (level 6, -3/59 HPs)
             Began as a Troll Fighter on Aug 8, 2023.
             Was a Follower of the Shining One.
             Slain by a gnoll
             ... wielding a +2 halberd of protection
              (8 damage)
             ... on level 4 of the Dungeon.
             The game lasted 00:07:19 (2617 turns).

CraigForest the Ruffian (Troll Fighter)             Turns: 2617, Time: 00:07:20

Health: -3/59      AC:  4    Str: 27    XL:     6   Next: 19%
Magic:  5/5        EV:  9    Int:  4    God:    the Shining One [*.....]
Gold:   186        SH:  8    Dex:  9    Spells: 5/5 levels left

rFire   . .          .
                       - Unarmed
rCold   . . .        b - +0 kite shield
rNeg    . . .        a - +0 robe
rPois   .            (helmet restricted)
rElec   .            (no cloak)
rCorr   .            (gloves unavailable)
SInv    .            (boots unavailable)
Will    .....        j - amulet of the acrobat
Stlth   +            (no ring)
HPRegen 1.09/turn    (no ring)
MPRegen 0.09/turn

%: acrobat
@: glowing
A: large, unfitting armour, claws 3, regeneration 1, shaggy fur 1, tough skin 1
a: Renounce Religion, Divine Shield


You were on level 4 of the Dungeon.
You worshipped the Shining One.
The Shining One was aware of your devotion.
You visited 1 branch of the dungeon, and saw 4 of its levels.

You collected 186 gold pieces.

Inventory:

Armour
 a - a +0 robe (worn)
 b - a +0 kite shield (worn)
Jewellery
 j - an amulet of the acrobat (around neck)
Scrolls
 d - 3 scrolls of teleportation {unknown}
 f - a scroll of amnesia {unknown}
 i - a scroll of enchant armour {unknown}
 k - a scroll of identify {unknown}
 m - a scroll of blinking {unknown}
 n - a scroll of noise {unknown}
 o - a scroll of vulnerability {unknown}
Potions
 c - a potion of might
 e - a potion of heal wounds {unknown}
 g - 2 potions of haste {unknown}
 h - a potion of curing {unknown}
 l - 3 potions of attraction {unknown}


   Skills:
 + Level 2.9 Fighting
 - Level 2.4 Dodging
 * Level 4.1 Shields
 * Level 5.2 Unarmed Combat


You had 5 spell levels left.
You didn't know any spells.
Your spell library was empty.

Dungeon Overview and Level Annotations

Branches:
Dungeon (4/15)
 Temple: D:4-7

Altars:
Dithmenos
Sif Muna
The Shining One


Innate Abilities, Weirdness & Mutations

You are too large for most types of armour.
You have claws for hands.
Your natural rate of healing is unusually fast.
You are covered in fur. (AC +1)
You have tough skin. (AC +1)


Message History

The hound closely misses you. You block the hound's attack.
The hobgoblin barely misses you.
You claw the hound!
The hound is almost dead.
The hound barely misses you. The hobgoblin hits you.
You claw the hound!
You kill the hound!
You block the hobgoblin's attack. The hobgoblin attacks as you move away!
You block the hobgoblin's attack.
Things that are here:
a hound corpse; an adder corpse The hobgoblin attacks as you move away!
The hobgoblin misses you.
You mangle the hobgoblin!!
You kill the hobgoblin!
Things that are here:
a hobgoblin corpse; a hound corpse; an adder corpse
There is a stone staircase leading down here.
You climb downwards.
The gnoll misses you. The gnoll barely misses you.
There is a stone staircase leading up here.
The gnoll completely misses you. The gnoll hits you with a +0 halberd!
You block the gnoll's attack.
You claw the gnoll!
The gnoll is severely wounded.
The gnoll hits you with a +0 whip. The gnoll hits you with a +0 halberd.
The gnoll hits you with a +0 flail! The gnoll barely misses you.
You claw the gnoll!
You kill the gnoll!
The gnoll closely misses you. The gnoll hits you with a +0 halberd!
You block the gnoll's attack. The gnoll hits you with a +0 flail.
You barely miss the gnoll. The gnoll hits you with a +0 whip!
* * * LOW HITPOINT WARNING * * *
The gnoll hits you with a +0 halberd!
* * * LOW HITPOINT WARNING * * *
You block the gnoll's attack. The gnoll closely misses you.
The gnoll attacks as you move away! The gnoll barely misses you.
You block the gnoll's attack. x2
There is a stone staircase leading up here.
You block the gnoll's attack.
The gnoll hits you from afar with a +2 halberd of protection!
You die...

#############
#.....#.....#
#....)#.....#
#..@g.#.....#
#...gggg....#
#....g#.....#
#.....##....#
#.....##....#
########....#
##.g..#
#.....#
#.g...#


You could see 6 gnolls.

Vanquished Creatures
  An orc warrior (D:3)
  A hound (D:3)
  An iguana (D:3)
  An orc wizard (D:3)
  6 gnolls
  2 adders
  A worm (D:2)
  2 dart slugs
  7 orcs (D:3)
  3 endoplasms
  3 giant cockroaches
  A goblin (D:3)
  7 hobgoblins
  2 quokkas
  4 ball pythons
  4 bats (D:2)
  3 frilled lizards
  7 kobolds
  6 rats
62 creatures vanquished.

Notes
Turn   | Place    | Note
-------+----------+-------------------------------------------
     0 | D:1      | CraigForest the Troll Fighter began the quest for the Orb.
     0 | D:1      | Reached XP level 1. HP: 22/22 MP: 0/0
   457 | D:1      | Reached XP level 2. HP: 29/29 MP: 1/1
   903 | D:2      | Reached XP level 3. HP: 30/36 MP: 2/2
   911 | D:2      | Reached skill level 3 in Unarmed Combat
  1057 | D:2      | Reached XP level 4. HP: 44/44 MP: 3/3
  1474 | D:2      | Found a shimmering blue altar of Sif Muna.
  1798 | D:3      | Found a faded altar of an unknown god.
  1801 | D:3      | Prayed at the altar of an unknown god.
  1801 | D:3      | Became a worshipper of the Shining One
  1801 | D:3      | Reached * piety under the Shining One
  2119 | D:3      | Found a shadowy altar of Dithmenos.
  2265 | D:3      | Noticed an orc warrior
  2271 | D:3      | Killed an orc warrior
  2272 | D:3      | Reached skill level 4 in Unarmed Combat
  2272 | D:3      | Reached XP level 5. HP: 42/52 MP: 4/4
  2501 | D:4      | Reached skill level 5 in Unarmed Combat
  2562 | D:3      | Reached XP level 6. HP: 26/59 MP: 5/5
  2617 | D:4      | Slain by a gnoll

Illustrated notes

Levels and vault maps discovered:
D:1:      lightli_arrival_flooded_house, layout_basic
D:2:      layout_loops_ring, basic_altar
D:3:      layout_loops_corners, nicolae_dithmenos_the_darkroom,
          shapermc_ecumenical_altar_mp_urbaneastern
D:4:      layout_gridville, tso_altar, serial_shops, shop

Skill      XL: |  1  2  3  4  5 |
---------------+----------------+-----
Shields        | 3 4 |  4.1
Unarmed Combat | 3 4 5 |  5.2
Fighting       | |  2.9
Dodging        | |  2.4

Action                     |  1- 3 |  4- 6 || total
---------------------------+-------+-------++-------
  Melee: Unarmed           |    61 |    90 ||   151
 Armour: Robe              |    22 |    19 ||    41
  Dodge: Dodged            |    17 |    61 ||    78
  Block: Kite shield       |    20 |    55 ||    75

Table legend: (Time is in decaauts)
 A = Elapsed time spent in this place.
 B = Non-inter-level travel time spent in this place.
 C = Inter-level travel time spent in this place.
 D = Time resting spent in this place.
 E = Time spent auto-exploring this place.
 F = Levels seen in this place.
 G = Mean time per level.
                   A        B        C        D        E       F      G
               +--------+--------+--------+--------+--------+-----+--------+
         Total |   2628 |   2510 |    118 |     32 |   2061 |   4 |  657.0 |
       Dungeon |   2628 |   2510 |    118 |     32 |   2061 |   4 |  657.0 |
               +--------+--------+--------+--------+--------+-----+--------+

Top non-repeatable levels by time:
     D:3: 980 daAuts
     D:1: 896 daAuts
     D:2: 684 daAuts
     D:4: 68 daAuts
